 Dungeon Crawl Stone Soup version 0.26-a0-1060-g086102a3f0 (webtiles) character file.

Game seed: 8958094881168796351

785220 timneilson the Gargoyle Barricade (level 27, -34/194 HPs)
             Began as a Gargoyle Fighter on Dec 12, 2020.
             Was a High Priest of Okawaru.
             Killed from afar by a Brimstone Fiend (49 damage)
             ... with damnation
             ... in Pandemonium on Dec 13, 2020.
             The game lasted 04:12:08 (67708 turns).

timneilson the Gargoyle Barricade (GrFi)           Turns: 67708, Time: 04:12:08

Health: -34/194    AC: 73    Str: 31    XL:     27
Magic:  27/29      EV: 10    Int: 11    God:    Okawaru [*****.]
Gold:   9923       SH: 35    Dex:  9    Spells: 26/26 levels left

rFire    + + +     SeeInvis .   N - +9 double sword (holy)
rCold    + + +     Faith    .   i - +2 tower shield {AC+3}
rNeg     + + .     Spirit   .   L - +10 gold dragon scales
rPois    ∞         Reflect  +   y - -2 hat of the Alchemist {rElec rPois rF+ rC+ rN+ Will+ rMut rCorr}
rElec    +         Harm     .   o - +4 dragonskin cloak
rCorr    +         Rampage  .   h - +0 pair of gloves of Light {Regen+}
rMut     +                      C - +1 pair of boots of Understanding {rElec rF+}
Will     +++++                  j - amulet of reflection
Stlth    ..........             X - ring "Layvveim" {rElec rF+ Will+ Slay+2 Stlth+}
HPRegen  0.82/turn              b - ring "Liwkuppe" {rC+ Will+ Stlth+}
MPRegen  0.21/turn

@: heroism, finesse, hasted, very quick
A: antennae 1, big wings, rugged brown scales 1, yellow scales 1, cold
resistance 1, low mp 2, negative energy resistance 1, electricity resistance,
wild magic 1, unbreathing, petrification resistance, rot immunity, MP-powered
wands, AC +20
}: 3/15 runes: decaying, serpentine, silver
a: Fly, Heroism, Finesse, Renounce Religion


You were in Pandemonium.
You worshipped Okawaru.
Okawaru was extremely pleased with you.
You visited 11 branches of the dungeon, and saw 53 of its levels.
You visited Pandemonium 1 time, and saw 1 of its levels.
You also visited: Ice Cave.

You collected 11215 gold pieces.
You spent 1292 gold pieces at shops.

Inventory:

Hand Weapons
 J - a +3 scimitar of flaming
 N - a +9 double sword of holy wrath (weapon)
Armour
 h - the +0 pair of gloves of Light (worn) {Regen+}
   (Okawaru gifted it to you on level 5 of the Vaults)

   It increases your rate of regeneration.
 i - a +2 tower shield of protection (worn)
 o - the +4 dragonskin cloak (worn)
   (You took it off Tiamat on level 1 of the Realm of Zot)
 y - the -2 hat of the Alchemist (worn) {rElec rPois rF+ rC+ rN+ Will+ rMut rCorr}
   (You found it on level 4 of the Vaults)

   It protects you from fire.
   It protects you from cold.
   It insulates you from electricity.
   It protects you from poison.
   It protects you from negative energy.
   It affects your willpower, your defense against some magical effects.
   It provides partial protection from all sources of acid and corrosion.
   It protects you from mutation.
 C - the +1 pair of boots of Understanding (worn) {rElec rF+}
   (Okawaru gifted it to you on level 5 of the Depths)

   It protects you from fire.
   It insulates you from electricity.
 L - +10 gold dragon scales (worn)
Jewellery
 b - the ring "Liwkuppe" (right hand) {rC+ Will+ Stlth+}
   (You bought it in a shop on level 4 of the Dungeon)

   [ring of protection from cold]

   It protects you from cold.
   It affects your willpower, your defense against some magical effects.
   It makes you more stealthy.
 j - an amulet of reflection (around neck)
 k - the ring of Divine Intervention {rPois rF+ Str+2 Dex-3 SInv}
   (You bought it in a shop on level 4 of the Dungeon)

   [ring of see invisible]

   It affects your strength (+2).
   It affects your dexterity (-3).
   It protects you from fire.
   It protects you from poison.
   It lets you see invisible.
 u - an uncursed amulet of regeneration
 X - the ring "Layvveim" (left hand) {rElec rF+ Will+ Slay+2 Stlth+}
   (You found it on level 4 of the Vaults)

   [ring of protection from fire]

   It affects your accuracy and damage with ranged weapons and melee attacks
   (+2).
   It protects you from fire.
   It insulates you from electricity.
   It affects your willpower, your defense against some magical effects.
   It makes you more stealthy.
Wands
 v - a wand of acid (22)
 D - a wand of digging (35)
 I - a wand of iceblast (61)
Scrolls
 a - a scroll of amnesia
 e - 10 scrolls of fear
 f - 32 scrolls of remove curse
 r - 4 scrolls of enchant weapon
 t - 20 scrolls of teleportation
 w - a scroll of brand weapon
 x - 7 scrolls of blinking
 A - 21 scrolls of identify
 B - a scroll of silence
 E - a scroll of summoning
 G - 8 scrolls of fog
Potions
 d - 12 potions of might
 l - 8 potions of attraction
 m - 4 potions of haste
 n - 12 potions of berserk rage
 q - 18 potions of curing
 s - a potion of magic
 F - 6 potions of mutation
 T - 4 potions of invisibility
 U - 6 potions of resistance
Miscellaneous
 c - a condenser vane
 g - a phantom mirror
 P - a phantom mirror
 Q - a phantom mirror
 S - a phantom mirror
 V - a tin of tremorstones (2/2)
 W - a lightning rod (4/4)
 Z - a phantom mirror


   Skills:
 + Level 23.8(27) Fighting
 * Level 22.7(27) Long Blades
 * Level 26.0(27) Armour
 O Level 27 Shields
 + Level 19.6 Invocations
 + Level 18.4 Evocations


You had 26 spell levels left.
You didn't know any spells.
Your spell library contained the following spells:

 Spells                   Type           Power        Failure   Level
 Animate Skeleton         Necr           #.....       91%         1
 Apportation              Tloc           #.....       91%         1
 Beastly Appendage        Tmut           #.....       91%         1
 Corona                   Hex            #......      91%         1
 Foxfire                  Conj/Fire      #...         91%         1
 Magic Dart               Conj           #...         91%         1
 Pain                     Necr           #...         91%         1
 Sandblast                Erth           #.....       91%         1
 Shock                    Conj/Air       #...         91%         1
 Sting                    Tmut/Pois      #...         91%         1
 Summon Small Mammal      Summ           #...         91%         1
 Blink                    Tloc           N/A          97%         2
 Call Imp                 Summ           #.......     97%         2
 Ensorcelled Hibernation  Hex/Ice        #.....       97%         2
 Passwall                 Tmut/Erth      #.......     97%         2
 Poisonous Vapours        Pois/Air       #.....       97%         2
 Searing Ray              Conj           #.....       97%         2
 Slow                     Hex            #.......     97%         2
 Swiftness                Air            #.......     97%         2
 Wereblood                Tmut           #.......     97%         2
 Confusing Touch          Hex            #.......     99%         3
 Conjure Flame            Conj/Fire      #.......     99%         3
 Dazzling Flash           Conj/Hex       #.....       99%         3
 Gell's Gravitas          Tloc           #.........   99%         3
 Ignite Poison            Fire/Tmut/Pois #.......     99%         3
 Inner Flame              Hex/Fire       #.......     99%         3
 Lesser Beckoning         Tloc           #.........   99%         3
 Mephitic Cloud           Conj/Pois/Air  #.......     99%         3
 Portal Projectile        Hex/Tloc       #.....       99%         3
 Spider Form              Tmut/Pois      #.........   99%         3
 Static Discharge         Conj/Air       #.......     99%         3
 Stone Arrow              Conj/Erth      #.....       99%         3
 Tukima's Dance           Hex            #.......     99%         3
 Vampiric Draining        Necr           #.........   99%         3
 Airstrike                Air            #.........   100%        4
 Animate Dead             Necr           #.........   100%        4
 Cause Fear               Hex            #.........   100%        4
 Fulminant Prism          Conj/Hex       #.........   100%        4
 Ice Form                 Ice/Tmut       #.......     100%        4
 Iskenderun's Mystic Bla  Conj/Tloc      #.......     100%        4
 Leda's Liquefaction      Hex/Erth       #.........   100%        4
 Olgreb's Toxic Radiance  Pois           #.......     100%        4
 Petrify                  Tmut/Erth      #.......     100%        4
 Sticky Flame             Conj/Fire      #.......     100%        4
 Agony                    Necr           #.......     100%        5
 Alistair's Intoxication  Tmut/Pois      #........    100%        5
 Blade Hands              Tmut           #.........   100%        5
 Bolt of Magma            Conj/Fire/Erth #.........   100%        5
 Borgnjor's Vile Clutch   Necr/Erth      #.........   100%        5
 Excruciating Wounds      Necr           #.........   100%        5
 Fireball                 Conj/Fire      #.........   100%        5
 Irradiate                Conj/Tmut      #.........   100%        5
 Iskenderun's Battlesphe  Conj           #.......     100%        5
 Lee's Rapid Deconstruct  Erth           #.........   100%        5
 Lightning Bolt           Conj/Air       #.........   100%        5
 Metabolic Englaciation   Hex/Ice        #.........   100%        5
 Silence                  Hex/Air        #.........   100%        5
 Summon Demon             Summ           #.........   100%        5
 Yara's Violent Unravell  Hex/Tmut       #.........   100%        5
 Death Channel            Necr           #.........   100%        6
 Dispersal                Tloc           #.........   100%        6
 Eringya's Noxious Bog    Tmut/Pois      #.........   100%        6
 Freezing Cloud           Conj/Ice/Air   #.........   100%        6
 Hydra Form               Tmut           #.........   100%        6
 Invisibility             Hex            #.......     100%        6
 Iron Shot                Conj/Erth      #.........   100%        6
 Dragon Form              Tmut           #.........   100%        7
 Haunt                    Necr/Summ      #.........   100%        7
 Malign Gateway           Summ/Tloc      #.........   100%        7
 Orb of Destruction       Conj           #.........   100%        7
 Spellforged Servitor     Conj/Summ      #.........   100%        7
 Borgnjor's Revivificati  Necr           #.........   100%        8
 Discord                  Hex            #.........   100%        8
 Infestation              Necr           #.........   100%        8
 Necromutation            Tmut/Necr      #.........   100%        8
 Death's Door             Necr           #.........   100%        9
 Dragon's Call            Summ           #.........   100%        9
 Statue Form              Tmut/Erth      Unusable     N/A         6

Dungeon Overview and Level Annotations

Branches:
Dungeon (15/15)            Temple (0/1) D:5            Lair (6/6) D:8
  Swamp (4/4) Lair:2        Snake (4/4) Lair:4        Slime (0/5) Lair:6
    Orc (2/2) D:12            Elf (3/3) Orc:2        Vaults (5/5) D:14
  Crypt (3/3) Vaults:3       Tomb (1/3) Crypt:3      Depths (5/5) D:15
    Zot (5/5) Depths:5      IceCv (visited)

Altars:
Ashenzari
Cheibriados
Dithmenos
Hepliaklqana
Kikubaaqudgha
Okawaru
Ru
Uskayaw
Vehumet
Wu Jian
Xom
Yredelemnul
The Shining One
Beogh

Shops:
D:4 }:=   D:8 [   D:14 [   Orc:2 *[:(   Elf:1 ([   Snake:2 *   Vaults:3 }
Vaults:4 :   Depths:1 *=[   Depths:3 *=}=   Depths:4 *

Portals:
Hell: Depths:1 Depths:2 Depths:3 Depths:4 Depths:5
Abyss: Depths:3 Depths:4
Pandemonium: Depths:3 Depths:4 Depths:5
Ziggurat: Depths:1

Annotations:
D:9 exclusion: statue
Swamp:3 3 runed translucent doors, felt's ghost, adept GnWn
Zot:2 1 runed translucent door, Ytolar's ghost, legendary DsFi


Innate Abilities, Weirdness & Mutations

You are resistant to torment.
Your stone body is resilient. (AC +20)
You are immune to poison.
Your large and strong wings let you fly indefinitely.
You resist negative energy. (rN+)
You are resistant to electric shocks. (rElec)
You can survive without breathing.
You are immune to petrification.
You are immune to rotting.
You have a pair of small antennae on your head.
You are partially covered in rugged brown scales. (AC +1, +3% HP)
You are partially covered in yellow scales. (AC +2)
Your flesh is cold resistant. (rC+)
Your magical capacity is very low. (-20% MP)
Your spells are a little harder to cast, but a little more powerful.
You expend magic power (3 MP) to strengthen your wands.


Message History

The sphere of damnation explodes!
The damnation engulfs you!!
* * * LOW HITPOINT WARNING * * *
The damnation engulfs the Brimstone Fiend.
The Brimstone Fiend completely resists.
The damnation engulfs the Brimstone Fiend.
The Brimstone Fiend completely resists.
Blink to where?
Press: ? - help, Dir - move target
As you read the scroll of blinking, it crumbles to dust.
Blink to where?
Press: ? - help, Dir - move target
As you read the scroll of blinking, it crumbles to dust.
As you read the scroll of teleportation, it crumbles to dust.
You feel strangely unstable.
A neqoxec comes into view.
The neqoxec shouts!
Your surroundings suddenly seem different.
The Brimstone Fiend gestures at you.
The sphere of damnation explodes!
The damnation engulfs you!!!
You die...

##..........).)...
#....#.....######.
#....#..1.##,{,,*#
#.......#'#{,....# #
##.......#.#,,....# #
#........#.#,,....# ##
##.......##§#,,....# .#
#........##.##{{..#* .##
*#..@......#..##''##. ..##
*#....##....##.111.... ...##
*#.....###....###)1..##
....#######.....## ##.....######.
...............#* ###.........)
...............######............
..................#..............
.................................
.......#.........................


You could see a Brimstone Fiend (fast).

Vanquished Creatures
  Tiamat (Zot:1)
  Khufu (Crypt:1)
  7 orbs of fire
  4 ancient liches
  6 royal mummies
  The ghost of quaternion the Impregnable, a veteran MiFi of Makhleb (Vaults:4)
  3 Killer Klowns (Zot:5)
  Margery (Vaults:5)
  A pandemonium lord (Pan)
  Bai Suzhen (Snake:4)
  2 curse toes
  Vashnia (Snake:4)
  5 caustic shrikes
  2 profane servitors (Crypt:3)
  19 golden dragons
  the Enchantress (Depths:3)
  3 bone dragons
  The ghost of Kucw the Warrior, an adept GrFi of Cheibriados (Crypt:1)
  4 Brimstone Fiends (Pan)
  2 electric golems (Zot:5)
  19 tentacled monstrosities
  Rupert (D:14)
  Jorgrun (D:13)
  25 Orb Guardians (Zot:5)
  3 titans
  5 liches
  8 quicksilver dragons
  4 deep elf master archers (Elf:3)
  4 deep elf blademasters
  7 death cobs
  9 sphinxes
  9 ancient champions
  A sphinx (shapeshifter) (Elf:2)
  16 storm dragons
  Gastronok (D:9)
  Agnes (D:15)
  Frances (D:13)
  5 tengu reavers
  Donald (Elf:1)
  14 shadow dragons
  8 draconian monks
  7 nagarajas
  A fenstrider witch (Swamp:4)
  Aizul (Snake:4)
  2 warmongers (Pan)
  8 revenants
  7 fire giants
  7 frost giants
  4 ghost moths
  9 deep elf sorcerers
  19 vault wardens
  Louise (Snake:4)
  2 corrupters (Pan)
  2 draconian knights (Zot:1)
  A draconian shifter (Zot:5)
  An orc warlord (Orc:2)
  6 iron dragons
  3 balrugs (Pan)
  5 draconian scorchers
  6 deep elf elementalists (Elf:3)
  11 ghouls
  A curse skull (Crypt:2)
  6 draconian annihilators
  A draconian stormcaller (Zot:5)
  17 stone giants
  21 very ugly things
  A war gargoyle (Vaults:4)
  2 blood saints (Pan)
  A reaper (Pan)
  2 caustic shrike skeletons (Depths:4)
  3 juggernaut skeletons (Depths:4)
  3 spriggan defenders
  2 deep elf demonologists
  14 ironheart preservers
  14 vampire knights
  Nessos (Lair:6)
  3 black suns (Pan)
  16 green draconians
  2 lorocyprocas (Pan)
  A minotaur (Lair:2)
  16 red draconians
  2 bunyips
  15 white draconians
  16 black draconians
  14 spark wasps
  8 deep elf annihilators
  2 entropy weavers
  3 eidola
  13 purple draconians
  2 dire elephants (Lair:5)
  5 yellow draconians
  5 eleionomae
  2 crystal guardians (Vaults:4)
  14 deep elf death magi
  2 green deaths
  15 yaktaur captains
  A blizzard demon (Depths:3)
  6 great orbs of eyes
  The ghost of tzalcoatl the Slinger, a journeyman HaAK of Lugonu (Lair:3)
  13 ettins
  12 fire dragons
  13 ogre magi
  3 rakshasas
  24 jiangshi
  4 deep elf high priests
  4 mummy priests (Tomb:1)
  37 vault guards
  20 ice dragons
  The ghost of Zoobame the Devastator, a journeyman DEWz of Sif Muna (Lair:2)
  A ghost crab (Swamp:3)
  A hell beast (Depths:5)
  8 hydras
  A monstrous demonspawn (Pan)
  4 boulder beetles
  2 quicksilver dragon skeletons (Depths:4)
  10 centaur warriors
  9 anacondas
  5 death knights
  6 catoblepae
  5 alligators
  24 naga warriors
  Erica (D:8)
  34 two-headed ogres
  4 spriggan air magi
  6 tengu warriors
  27 dancing weapons
  8 deep troll shamans
  10 deep troll earth magi
  Urug (D:14)
  13 vampire magi
  3 orc high priests (Orc:2)
  4 death yaks
  5 shock serpents
  2 spriggan berserkers
  7 sun demons
  3 soul eaters
  9 spriggans
  14 hell knights
  25 naga sharpshooters
  9 shadow wraiths
  29 deep elf knights
  An iron troll (Depths:4)
  Sonja (Orc:1)
  Nergalle (D:11)
  A golden dragon zombie (Crypt:3)
  A storm dragon skeleton (Depths:4)
  A sixfirhy (Depths:3)
  4 goliath frogs
  3 salamander mystics
  45 skeletal warriors
  4 infernal demonspawn (Pan)
  2 fire crabs (shapeshifter)
  36 deep trolls
  3 unseen horrors
  17 deep elf archers
  2 gelid demonspawn
  10 naga ritualists
  4 wizards
  3 glowing orange brains
  15 large abominations
  A spriggan druid (Swamp:4)
  4 swamp dragons
  A torturous demonspawn (Pan)
  8 flayed ghosts
  23 orc knights
  A sphinx zombie (Vaults:4)
  7 harpies
  Pikel (D:8)
  8 lindwurms
  24 phantasmal warriors
  9 bog bodies
  An iron dragon zombie (Crypt:2)
  A tengu zombie (Vaults:4)
  A mana viper (shapeshifter) (Depths:5)
  A wolf spider zombie (Tomb:1)
  An anaconda skeleton (Crypt:1)
  A fire giant zombie (Tomb:1)
  A wolf spider (Vaults:1)
  7 necromancers
  6 mana vipers
  65 deep elf magi
  9 ironbrand convokers
  An oklob plant (Lair:5)
  6 orc sorcerers
  4 cyclopes
  2 manticores (Lair:6)
  3 tengu skeletons (Depths:4)
  51 ugly things
  3 will-o-the-wisps
  2 shadow dragon skeletons
  3 sphinx skeletons (Depths:4)
  19 salamanders
  A manticore (shapeshifter) (Vaults:2)
  23 moths of wrath
  7 elephants
  A guardian serpent (shapeshifter) (Depths:2)
  3 fire giant skeletons (Depths:4)
  28 naga magi
  4 smoke demons
  2 guardian serpents
  33 black mambas
  A dire elephant zombie (Crypt:3)
  Maurice (Orc:1)
  2 frost giant skeletons (Depths:4)
  2 gargoyles
  2 rust devils
  9 vault sentinels
  An ice statue (D:14)
  A dire elephant skeleton (Crypt:1)
  9 cane toads
  An orange demon (Depths:4)
  5 torpor snails
  A spriggan skeleton (Depths:4)
  A rime drake (shapeshifter) (Vaults:3)
  9 komodo dragons
  A minotaur zombie (Crypt:3)
  A kobold demonologist (D:15)
  3 ice devils
  6 rime drakes
  An efreet (D:14)
  15 freezing wraiths
  A hellwing (Pan)
  A komodo dragon (shapeshifter) (Vaults:3)
  33 yaktaurs
  6 red devils (Pan)
  24 polar bears
  12 guardian mummies (Tomb:1)
  A tengu simulacrum (Vaults:2)
  A black draconian skeleton (Crypt:2)
  6 trolls
  A bloated husk (Swamp:4)
  A jumping spider (Vaults:3)
  A wind drake (shapeshifter) (Vaults:2)
  6 tengu conjurers
  A jumping spider (shapeshifter) (Vaults:4)
  A death drake zombie (Crypt:3)
  A hydra skeleton (Crypt:3)
  6 tyrant leeches
  A wolf spider simulacrum (Crypt:3)
  2 wind drakes (Depths:5)
  A slime creature (shapeshifter) (Vaults:4)
  10 blink frogs
  11 hornets
  2 ice dragon zombies (Crypt:3)
  44 slime creatures
  16 dream sheep
  3 air elementals
  26 flying skulls
  A meliai zombie (D:12)
  5 vampires
  A yak (shapeshifter) (Vaults:2)
  4 shadows
  A spriggan (shapeshifter) (Elf:2)
  8 wraiths
  2 ynoxinuls (Pan)
  4 redbacks (Vaults:4)
  11 wyverns
  62 yaks
  A tarantella (shapeshifter) (Vaults:1)
  5 basilisks
  2 humans (shapeshifter)
  10 water elementals
  A fire elemental (Elf:1)
  16 humans (D:14)
  A basilisk (shapeshifter) (Vaults:2)
  6 chaos spawn
  5 swamp worm simulacra (Swamp:4)
  6 elf skeletons
  A human simulacrum (Vaults:3)
  A neqoxec (Depths:4)
  A steam dragon (Lair:2)
  7 vampire mosquitoes
  A glowing shapeshifter zombie (Crypt:3)
  46 nagas
  A warg (shapeshifter) (Vaults:2)
  A yaktaur simulacrum (Vaults:3)
  17 swamp worms
  9 wargs
  15 hydra simulacra (Swamp:4)
  3 acid dragons
  15 water moccasins
  A cane toad zombie (Tomb:1)
  A hell hound (Depths:5)
  2 floating eyes (Depths:1)
  5 swamp drakes
  8 necrophages
  A black bear (D:7)
  52 orc warriors
  19 ice beasts
  A hornet zombie (Crypt:1)
  7 sky beasts
  2 sky beasts (shapeshifter)
  8 boggarts
  A tengu (shapeshifter) (Vaults:4)
  3 eyes of draining
  34 wolves
  A swamp dragon skeleton (Crypt:3)
  29 ogres
  22 centaurs
  3 big kobolds
  A rime drake skeleton (Crypt:3)
  A fire crab zombie (Crypt:2)
  16 bullfrogs
  4 elf zombies (Elf:1)
  3 earth elementals (Elf:2)
  A gnoll sergeant (D:11)
  4 small abominations (Depths:3)
  A glowing shapeshifter simulacrum (Vaults:4)
  5 scorpions
  A water moccasin skeleton (Crypt:3)
  A warg skeleton (Crypt:1)
  12 killer bees
  8 electric eels
  10 wights
  3 howler monkeys (D:11)
  3 crimson imps
  2 centaur zombies
  3 quasits
  Crazy Yiuf (D:2)
  A bullfrog zombie (D:7)
  10 centaur skeletons
  3 jellies
  A soldier ant zombie (Crypt:2)
  24 orc priests
  4 bullfrog skeletons
  A gnoll shaman (D:9)
  6 hounds
  2 human skeletons (Tomb:1)
  2 iguanas
  An iron imp (Depths:3)
  35 orc wizards
  7 worker ants
  6 hell rats (Lair:6)
  A naga zombie (Crypt:3)
  An ogre zombie (Crypt:3)
  A hound skeleton (D:4)
  11 mummies (Tomb:1)
  A howler monkey zombie (D:5)
  A steam dragon zombie (Crypt:1)
  16 adders
  15 gnolls
  10 shadow imps
  6 white imps
  2 swamp drake simulacra (Swamp:4)
  4 ufetubi
  An adder zombie (D:5)
  2 oozes (D:2)
  2 adder skeletons
  A halfling skeleton (Crypt:1)
  An iguana skeleton (Crypt:1)
  A worm (shapeshifter) (Vaults:4)
  2 dart slugs (D:1)
  7 leopard geckos
  107 orcs
  2 bats (D:2)
  7 giant cockroaches
  11 goblins
  9 hobgoblins
  14 jackals
  12 kobolds
  5 quokkas
  3 ball pythons
  6 frilled lizards
  A frilled lizard skeleton (Crypt:2)
  A kobold zombie (Crypt:3)
  An orc skeleton (Crypt:1)
  A quokka skeleton (D:5)
  A quokka zombie (D:5)
  8 rats
  2 crawling corpses (Elf:3)
2738 creatures vanquished.

Vanquished Creatures (others)
  A draconian knight (Zot:5)
  A draconian scorcher (Zot:1)
  A goliath frog (Swamp:4)
  2 spriggan druids
  A lindwurm (Depths:5)
  A mana viper (Snake:4)
  2 deep elf magi (Elf:3)
  A black mamba (Snake:2)
  A smoke demon (Pan)
  6 bloated husks
  A tengu conjurer (Depths:4)
  2 spriggans (Swamp:4)
  A swamp worm (Swamp:1)
  An acid dragon (Zot:1)
  A swamp drake (Depths:5)
  2 boggarts
  A bullfrog zombie (D:10)
  A swamp drake simulacrum (Swamp:4)
  3 orcs
  A giant cockroach (D:8)
  14 foxfires
  8 fungi
  29 plants
  8 toadstools (Lair:5)
90 creatures vanquished.

Grand Total: 2828 creatures vanquished

Notes
Turn   | Place    | Note
-------+----------+-------------------------------------------
     0 | D:1      | timneilson the Gargoyle Fighter began the quest for the
                  | Orb.
     0 | D:1      | Reached XP level 1. HP: 14/14 MP: 1/1
    96 | D:1      | Reached XP level 2. HP: 19/19 MP: 2/2
   591 | D:1      | Reached XP level 3. HP: 20/23 MP: 3/3
  1326 | D:2      | Found a broken altar of Ashenzari.
  1340 | D:2      | Found a sacrificial altar of Ru.
  1340 | D:2      | Found a shadowy altar of Dithmenos.
  1343 | D:2      | Found an ornate altar of the Wu Jian Council.
  1482 | D:2      | Found a runed translucent door.
  1483 | D:2      | Noticed Crazy Yiuf
  1705 | D:2      | Killed Crazy Yiuf
  1706 | D:2      | Reached skill level 4 in Shields
  1706 | D:2      | Reached XP level 4. HP: 17/28 MP: 4/4
  1785 | D:3      | Reached XP level 5. HP: 23/33 MP: 5/5
  2019 | D:3      | Found an iron altar of Okawaru.
  2028 | D:3      | Became a worshipper of Warmaster Okawaru
  2033 | D:3      | Found a hazy altar of Hepliaklqana.
  2037 | D:3      | Found a hide-covered altar of Uskayaw.
  2849 | D:4      | Found Jiaguddu's Book Emporium.
  2989 | D:4      | Reached XP level 6. HP: 37/38 MP: 6/6
  3025 | D:4      | Reached skill level 1 in Invocations
  3137 | D:4      | Found Vuawy's Jewellery Shoppe.
  3289 | D:4      | Found Iteeraor's Gadget Emporium.
  3623 | D:4      | Reached skill level 5 in Shields
  3762 | D:5      | Entered Level 5 of the Dungeon
  3779 | D:5      | Reached * piety under Okawaru
  3780 | D:5      | Reached skill level 5 in Armour
  3782 | D:5      | Reached XP level 7. HP: 28/43 MP: 6/8
  3892 | D:5      | Found a staircase to the Ecumenical Temple.
  4142 | D:5      | Reached XP level 8. HP: 48/48 MP: 9/9
  4201 | D:5      | Reached ** piety under Okawaru
  4202 | D:5      | Reached skill level 6 in Shields
  4274 | D:5      | Found a glowing golden altar of the Shining One.
  4531 | D:6      | Reached skill level 5 in Fighting
  4819 | D:6      | Reached skill level 5 in Long Blades
  5389 | D:7      | Reached skill level 7 in Shields
  5389 | D:7      | Reached skill level 1 in Evocations
  5389 | D:7      | Reached XP level 9. HP: 45/54 MP: 11/11
  5431 | D:7      | Reached *** piety under Okawaru
  5759 | D:7      | You fall into a shaft and drop 3 floors!
  5759 | D:10     | Entered Level 10 of the Dungeon
  5766 | D:10     | Noticed a tyrant leech
  5814 | D:10     | Killed a tyrant leech
  6007 | D:10     | Reached skill level 8 in Shields
  6031 | D:10     | Reached **** piety under Okawaru
  6041 | D:10     | Reached XP level 10. HP: 42/60 MP: 13/13
  6427 | D:9      | Noticed a two-headed ogre
  6446 | D:9      | Killed a two-headed ogre
  6447 | D:9      | Reached skill level 5 in Invocations
  6588 | D:8      | Reached skill level 9 in Shields
  6610 | D:8      | Reached ***** piety under Okawaru
  6612 | D:8      | Noticed Pikel
  6630 | D:8      | Killed Pikel
  6652 | D:8      | Reached XP level 11. HP: 67/67 MP: 15/15
  6656 | D:8      | Received a gift from Okawaru
  6659 | D:8      | Got a warped chain mail {god gift}
  6662 | D:8      | Found a staircase to the Lair.
  6686 | D:8      | Identified the +3 chain mail of the Arcane {*Drain rPois
                  | rC++ Dex+4} (Okawaru gifted it to you on level 8 of the
                  | Dungeon)
  6733 | D:8      | Noticed Erica
  6752 | D:8      | Killed Erica
  7270 | D:8      | Found Acoizojupp's Antique Armour Emporium.
  7482 | D:9      | Noticed a two-headed ogre
  7511 | D:9      | Killed a two-headed ogre
  7512 | D:9      | Noticed Gastronok
  7529 | D:9      | Killed Gastronok
  7530 | D:9      | Reached skill level 10 in Armour
  7530 | D:9      | Reached skill level 10 in Shields
  7569 | D:9      | Found a snail-covered altar of Cheibriados.
  7804 | D:9      | Found a radiant altar of Vehumet.
  8093 | D:10     | Received a gift from Okawaru
  8183 | D:10     | Found the +12 Vampire's Tooth {vamp}
  8590 | D:11     | Noticed a two-headed ogre
  8598 | D:11     | Killed a two-headed ogre
  8599 | D:11     | Reached XP level 12. HP: 73/73 MP: 14/16
  8897 | D:11     | Noticed Nergalle
  8913 | D:11     | Killed Nergalle
  8914 | D:11     | Reached skill level 5 in Evocations
  9078 | D:12     | Noticed a five-headed hydra
  9083 | D:12     | Killed a two-headed hydra
  9097 | D:12     | Received a gift from Okawaru
  9098 | D:12     | Reached skill level 11 in Shields
  9510 | D:12     | Found a staircase to the Orcish Mines.
  9939 | D:13     | Noticed Frances
  9956 | D:13     | Noticed a sun demon
  9964 | D:13     | Killed Frances
 10184 | D:13     | Noticed Jorgrun
 10209 | D:13     | Killed Jorgrun
 10210 | D:13     | Reached XP level 13. HP: 34/79 MP: 18/18
 10372 | D:13     | Received a gift from Okawaru
 10543 | D:13     | Reached skill level 10 in Long Blades
 10862 | Lair:1   | Entered Level 1 of the Lair of Beasts
 11164 | Lair:1   | Reached skill level 12 in Shields
 11535 | Lair:2   | Noticed Zoobame's ghost (journeyman DEWz)
 11536 | Lair:2   | Noticed a minotaur
 11550 | Lair:2   | Found a runed translucent gate.
 11550 | Lair:2   | Found a runed translucent gate.
 11550 | Lair:2   | Found a runed translucent gate.
 11629 | Lair:2   | HP: 2/80 [bog body/bolt of cold (36)]
 12273 | Lair:2   | Found a staircase to the Swamp.
 12701 | Lair:3   | Noticed tzalcoatl's ghost (journeyman HaAK)
 12715 | Lair:3   | Found a runed translucent gate.
 12715 | Lair:3   | Found a runed translucent gate.
 12717 | Lair:3   | Found a runed translucent gate.
 12762 | Lair:3   | Received a gift from Okawaru
 13551 | Lair:4   | Gained mutation: Your large and strong wings let you fly
                  | indefinitely. [Gargoyle growth]
 13551 | Lair:4   | Reached XP level 14. HP: 66/86 MP: 20/20
 13624 | Lair:4   | Found a staircase to the Snake Pit.
 14761 | Lair:5   | Noticed a dire elephant
 14761 | Lair:5   | Noticed a dire elephant
 14783 | Lair:5   | Found a runed translucent door.
 15010 | Lair:5   | Reached skill level 13 in Shields
 15689 | Lair:6   | Entered Level 6 of the Lair of Beasts
 15689 | Lair:6   | Found a staircase to the Slime Pits.
 15750 | Lair:6   | Noticed Nessos
 15771 | Lair:6   | Killed Nessos
 15772 | Lair:6   | Reached skill level 10 in Fighting
 15949 | Lair:6   | Received a gift from Okawaru
 15957 | Lair:6   | Reached ****** piety under Okawaru
 16492 | Lair:6   | Received a gift from Okawaru
 16519 | Lair:6   | Reached XP level 15. HP: 46/92 MP: 22/22
 17279 | D:12     | Upgraded the game from 0.26-a0-1040-gbe3abf3417 to
                  | 0.26-a0-1053-gaff5f71418
 17289 | Orc:1    | Entered Level 1 of the Orcish Mines
 17292 | Orc:1    | Noticed Sonja
 17309 | Orc:1    | Killed Sonja
 17327 | Orc:1    | Found a frozen archway.
 17365 | IceCv    | Entered an ice cave
 17569 | IceCv    | Got a faintly humming chain mail
 17764 | IceCv    | Reached skill level 14 in Shields
 17869 | IceCv    | Noticed a frost giant
 17921 | IceCv    | Killed a frost giant
 17921 | IceCv    | Received a gift from Okawaru
 18260 | Orc:1    | Noticed Maurice
 18285 | Orc:1    | Killed Maurice
 18302 | Orc:1    | Identified the +0 chain mail "Ruukuh" {rPois} (You found it
                  | in an ice cave)
 18306 | Orc:1    | Found a roughly hewn altar of Beogh.
 18817 | Orc:2    | Entered Level 2 of the Orcish Mines
 18903 | Orc:2    | Found a staircase to the Elven Halls.
 18978 | Orc:2    | Reached skill level 10 in Invocations
 19030 | Orc:2    | Noticed an orc warlord
 19096 | Orc:2    | Killed an orc warlord
 19391 | Orc:2    | Found Lakuzizu's Antique Armour Emporium.
 19410 | Orc:2    | Found Qyffinne's Antique Weapon Shoppe.
 19411 | Orc:2    | Found Iqyddod's General Store.
 19411 | Orc:2    | Found Hankiuck's Book Emporium.
 20051 | D:14     | Received a gift from Okawaru
 20052 | D:14     | Reached XP level 16. HP: 100/100 MP: 23/23
 20105 | D:14     | Found a gate to the Vaults.
 20105 | D:14     | Noticed Urug
 20106 | D:14     | Noticed Rupert
 20131 | D:14     | Killed Urug
 20162 | D:14     | Killed Rupert
 20659 | D:14     | Found Qorphixta's Antique Armour Boutique.
 21097 | D:14     | Reached skill level 15 in Shields
 21168 | D:14     | Identified a scroll of acquirement
 21168 | D:14     | Acquired 765 gold pieces
 21218 | D:15     | Entered Level 15 of the Dungeon
 21279 | D:15     | Reached skill level 15 in Armour
 21496 | D:15     | Identified the +2 rapier "Nyecow" {vorpal, rElec}
 21609 | D:15     | Noticed Agnes
 21634 | D:15     | Killed Agnes
 21786 | D:15     | Found a staircase to the Depths.
 22082 | Depths:1 | Entered Level 1 of the Depths
 22135 | D:15     | Received a gift from Okawaru
 22161 | D:15     | Got a polished plate armour {god gift}
 22253 | Depths:1 | Found Sishra's Assorted Antiques.
 22255 | Depths:1 | Found Jooskuta's Jewellery Emporium.
 22258 | Depths:1 | Found Xucaffiz's Antique Armour Shoppe.
 22282 | Depths:1 | Reached XP level 17. HP: 49/106 MP: 25/25
 22500 | Snake:1  | Entered Level 1 of the Snake Pit
 23627 | Snake:2  | Found Sejirghim's General Store.
 23979 | D:4      | Bought the ring "Liwkuppe" {rC+ Will+ Stlth+} for 444 gold
                  | pieces
 23979 | D:4      | Bought the ring of Divine Intervention {rPois rF+ Str+2
                  | Dex-3 SInv} for 342 gold pieces
 23979 | D:4      | Bought an uncursed ring of resist corrosion for 220 gold
                  | pieces
 24217 | Snake:2  | Reached skill level 16 in Shields
 24545 | Snake:2  | Identified the +2 plate armour "Mabituet" {rPois rN+ Str+3}
                  | (Okawaru gifted it to you on level 15 of the Dungeon)
 24687 | Snake:2  | Received a gift from Okawaru
 24852 | Snake:2  | Got a sparkling jade ring
 24864 | Snake:2  | Identified the ring "Yroniu" {*Slow rF+ Int+6 Dex+8 Stlth+}
                  | (You found it on level 2 of the Snake Pit)
 26442 | Snake:3  | Reached XP level 18. HP: 112/112 MP: 26/26
 26597 | Snake:4  | Entered Level 4 of the Snake Pit
 26599 | Snake:4  | Noticed Louise
 26605 | Snake:4  | Noticed Aizul
 26643 | Snake:4  | Killed Aizul
 26648 | Snake:4  | Killed Louise
 26676 | Snake:4  | Noticed Bai Suzhen
 26719 | Snake:4  | Killed Bai Suzhen
 26723 | Snake:4  | Noticed Vashnia
 26857 | Snake:4  | Killed Vashnia
 26857 | Snake:4  | Received a gift from Okawaru
 27342 | Snake:4  | Reached skill level 10 in Evocations
 27782 | Orc:2    | Bought a scroll of identify for 30 gold pieces
 27928 | D:8      | Bought a pair of shimmering boots for 256 gold pieces
 27928 | D:8      | Identified the +0 pair of boots of Beogh's Inspiration
                  | {+Fly} (You bought it in a shop on level 8 of the Dungeon)
 28213 | Snake:4  | Reached skill level 17 in Shields
 28539 | Snake:4  | Got a serpentine rune of Zot
 28695 | Snake:4  | Received a gift from Okawaru
 28709 | Snake:4  | Got a bloodstained crystal plate armour {god gift}
 28991 | Swamp:1  | Entered Level 1 of the Swamp
 29158 | Swamp:1  | Reached XP level 19. HP: 113/118 MP: 28/28
 29361 | Swamp:1  | Identified the +6 crystal plate armour of the Carpenter
                  | {Int+4 Stlth+} (Okawaru gifted it to you on level 4 of the
                  | Snake Pit)
 29943 | Swamp:2  | You are sucked into a shaft and drop 1 floor!
 30430 | Swamp:3  | Found a runed translucent gate.
 30430 | Swamp:3  | Found a runed translucent gate.
 30436 | Swamp:3  | Noticed felt's ghost (adept GnWn)
 30437 | Swamp:3  | Found a runed translucent gate.
 30757 | Lair:2   | Killed Zoobame's ghost
 30758 | Lair:2   | Reached skill level 15 in Long Blades
 30839 | Lair:3   | Killed tzalcoatl's ghost
 30887 | Lair:3   | Acquired a manual of Evocations
 31314 | Swamp:4  | Entered Level 4 of the Swamp
 31388 | Swamp:4  | Received a gift from Okawaru
 31706 | Swamp:4  | Received a gift from Okawaru
 32173 | Swamp:4  | Got a decaying rune of Zot
 32819 | Depths:1 | Found a gateway to a ziggurat.
 32822 | Depths:1 | Paralysed by a floating eye for 4 turns
 32830 | Depths:1 | Paralysed by a floating eye for 2 turns
 33306 | Depths:1 | Found a gateway to Hell.
 33618 | Depths:1 | Reached XP level 20. HP: 125/125 MP: 29/29
 33725 | Depths:2 | Reached skill level 18 in Shields
 34098 | Depths:2 | Received a gift from Okawaru
 34309 | Depths:2 | Found the ring of the Mage {Wiz Will++ Int+3}
 34583 | Depths:2 | Found a shimmering altar of Xom.
 34881 | Depths:3 | Noticed the Enchantress
 35025 | Depths:3 | Found Pourruv's General Store.
 35453 | Depths:3 | Killed the Enchantress
 35453 | Depths:3 | Received a gift from Okawaru
 35469 | Depths:3 | Found a one-way gate leading to the halls of Pandemonium.
 35593 | Depths:3 | Acquired a manual of Fighting
 35608 | Depths:3 | Found a broken altar of Ashenzari.
 35972 | Depths:3 | Reached XP level 21. HP: 108/132 MP: 31/31
 36154 | Depths:3 | Received a gift from Okawaru
 36169 | Depths:3 | Found a one-way gate to the infinite horrors of the Abyss.
 36420 | Depths:3 | Found Tost's Jewellery Emporium.
 36422 | Depths:3 | Found Zyurch's Gadget Shop.
 36423 | Depths:3 | Found Nareohet's Jewellery Emporium.
 36818 | Depths:4 | Noticed a bone dragon
 36836 | Depths:4 | Killed a bone dragon
 36837 | Depths:4 | Reached skill level 15 in Fighting
 36942 | Depths:4 | Reached skill level 19 in Shields
 36963 | Depths:4 | Received a gift from Okawaru
 37830 | Depths:4 | Found Xuileuto's Mayhem Merchandise.
 38176 | Depths:5 | Entered Level 5 of the Depths
 38211 | Depths:5 | Noticed a caustic shrike
 38221 | Depths:5 | Noticed a caustic shrike
 38225 | Depths:5 | Killed a caustic shrike
 38225 | Depths:5 | Received a gift from Okawaru
 38228 | Depths:5 | Reached XP level 22. HP: 124/142 MP: 32/32
 38230 | Depths:5 | Noticed a caustic shrike
 38230 | Depths:5 | Noticed a caustic shrike
 38232 | Depths:5 | Noticed a caustic shrike
 38405 | Depths:4 | Killed a caustic shrike
 38416 | Depths:4 | Killed a caustic shrike
 38434 | Depths:4 | Killed a caustic shrike
 38582 | Depths:5 | Received a gift from Okawaru
 38619 | Depths:4 | Killed a caustic shrike
 38789 | Depths:5 | Identified the +6 long sword of the Wasp {vorpal, Int+2
                  | Stlth+} (Okawaru gifted it to you on level 5 of the Depths)
 39041 | Depths:5 | Identified Pyickol's Reference Book on the Frostbite and
                  | Companions
 39697 | Depths:5 | Noticed a golden dragon
 39714 | Depths:5 | Killed a golden dragon
 39735 | Depths:5 | Noticed a golden dragon
 39738 | Depths:5 | Noticed a golden dragon
 39758 | Depths:5 | Received a gift from Okawaru
 39828 | Depths:5 | Killed a golden dragon
 39828 | Depths:5 | Received a gift from Okawaru
 39900 | Depths:5 | Reached skill level 20 in Shields
 39940 | Depths:5 | Killed a golden dragon
 39941 | Depths:5 | Reached XP level 23. HP: 58/152 MP: 33/33
 40135 | Depths:5 | Found a gate to the Realm of Zot.
 40303 | Vaults:1 | Entered Level 1 of the Vaults
 41966 | Vaults:2 | Reached skill level 15 in Invocations
 41980 | Vaults:2 | Reached XP level 24. HP: 159/159 MP: 34/34
 41981 | Vaults:2 | Reached XP level 25. HP: 164/164 MP: 34/34
 42123 | Vaults:2 | Received a gift from Okawaru
 43493 | Vaults:3 | Found Puoshruq's Gadget Shop.
 43769 | Vaults:3 | Reached XP level 26. HP: 172/172 MP: 34/34
 44344 | Vaults:3 | Reached skill level 15 in Evocations
 44344 | Vaults:3 | Found a staircase to the Crypt.
 44353 | Vaults:3 | Reached skill level 21 in Shields
 44682 | Vaults:3 | Received a gift from Okawaru
 44716 | Vaults:3 | You fall into a shaft and drop 1 floor!
 45000 | Vaults:4 | Found Jaralu's Book Boutique.
 45167 | Vaults:4 | Found a runed translucent gate.
 45167 | Vaults:4 | Found a runed translucent gate.
 45167 | Vaults:4 | Found a runed translucent gate.
 45167 | Vaults:4 | Noticed quaternion's ghost (veteran MiFi)
 45915 | Vaults:4 | Received a gift from Okawaru
 46129 | Vaults:4 | Got a vibrating lapis lazuli ring
 46230 | Vaults:4 | Identified the Collected Works on Shifting Feathers
 46263 | Vaults:4 | Found the -2 hat of the Alchemist {rElec rPois rF+ rC+ rN+
                  | Will+ rMut rCorr}
 46282 | Vaults:4 | Acquired the +5 double sword of Descent {drain, rC+}
 46461 | Crypt:1  | Entered Level 1 of the Crypt
 46500 | Crypt:1  | Noticed Kucw's ghost (adept GrFi)
 46502 | Crypt:1  | Found a runed translucent gate.
 46503 | Crypt:1  | Found a runed translucent gate.
 46503 | Crypt:1  | Found a runed translucent gate.
 46642 | Crypt:1  | Identified the ring "Layvveim" {rElec rF+ Will+ Slay+2
                  | Stlth+} (You found it on level 4 of the Vaults)
 47162 | Crypt:1  | Noticed a royal mummy
 47164 | Crypt:1  | Noticed a royal mummy
 47165 | Crypt:1  | Noticed Khufu
 47169 | Crypt:1  | Noticed a royal mummy
 47172 | Crypt:1  | Killed a royal mummy
 47344 | Crypt:1  | Killed a royal mummy
 47344 | Crypt:1  | Received a gift from Okawaru
 47349 | Crypt:1  | Killed a royal mummy
 47350 | Crypt:1  | Reached XP level 27. HP: 72/179 MP: 34/34
 47370 | Crypt:1  | Killed Khufu
 48191 | Crypt:2  | Received a gift from Okawaru
 48449 | Crypt:3  | Entered Level 3 of the Crypt
 48738 | Crypt:3  | Reached skill level 22 in Shields
 48921 | Crypt:3  | Found a basalt altar of Yredelemnul.
 48921 | Crypt:3  | Found an ancient bone altar of Kikubaaqudgha.
 49493 | Crypt:3  | Found a staircase to the Tomb.
 49865 | Depths:5 | Got a pair of steaming boots {god gift}
 49866 | Depths:5 | Identified the +1 pair of boots of Understanding {rElec
                  | rF+} (Okawaru gifted it to you on level 5 of the Depths)
 50164 | Vaults:4 | Killed quaternion's ghost
 50190 | Vaults:4 | Received a gift from Okawaru
 50278 | Vaults:5 | Entered Level 5 of the Vaults
 51376 | Vaults:5 | Noticed Margery
 51377 | Vaults:5 | Received a gift from Okawaru
 51401 | Vaults:5 | Killed Margery
 51402 | Vaults:5 | Reached skill level 23 in Shields
 51459 | Vaults:5 | Identified the +0 pair of gloves of Light {Regen+} (Okawaru
                  | gifted it to you on level 5 of the Vaults)
 51461 | Vaults:5 | Noticed an ancient lich
 51468 | Vaults:5 | Killed an ancient lich
 51698 | Vaults:5 | Found Ixzote's General Store.
 51716 | Vaults:5 | Identified the +7 mace of the Three Songs {vorpal, Str+3}
 51716 | Vaults:5 | Identified the ring "Hurch" {*Contam rF+ Str+8 SInv Stlth+}
 51832 | Vaults:5 | Got a silver rune of Zot
 51926 | Vaults:5 | Identified the +3 scimitar "Goblin's Doom" {drain, Str+3}
 51948 | Vaults:5 | Identified the +6 long sword of Diah {vorpal, rElec Dex+3
                  | SInv}
 52067 | Vaults:5 | Identified Jiovizil's Collected Works on the Lethal Rocks
 52738 | Elf:1    | Entered Level 1 of the Elven Halls
 52842 | Elf:1    | Identified the Compendium of Unholy Rites
 52867 | Elf:1    | Found Enaliyk's Armour Shoppe.
 52867 | Elf:1    | Found Ymeumeo's Antique Weapon Emporium.
 52928 | Elf:1    | Noticed Donald
 52938 | Elf:1    | Killed Donald
 53640 | Elf:2    | Received a gift from Okawaru
 53866 | Elf:2    | Noticed a juggernaut
 53868 | Elf:2    | a juggernaut changed into an iron giant
 53918 | Elf:2    | Found a huge runed translucent gate.
 53918 | Elf:2    | Found a huge runed translucent gate.
 53918 | Elf:2    | Found a huge runed translucent gate.
 53918 | Elf:2    | Found a huge runed translucent gate.
 53918 | Elf:2    | Found a huge runed translucent gate.
 54842 | Elf:3    | Entered Level 3 of the Elven Halls
 54969 | Elf:3    | Reached skill level 24 in Shields
 54973 | Elf:3    | Received a gift from Okawaru
 55122 | Elf:3    | Received a gift from Okawaru
 55332 | Elf:3    | Identified the amulet "Dus Muvu" {Regen+ Dex+3}
 55378 | Elf:3    | Identified the ring "Paunk" {rElec rPois Str-3 Int+6 Dex-4}
 55378 | Elf:3    | Identified the +9 demon blade "Ydyiw" {vamp, *Corrode Str+2
                  | SInv}
 55378 | Elf:3    | Identified the ring "Eremis" {rPois rF+ Will+ Int-3 Dex+3}
 55457 | Elf:3    | Identified Ogehacei's Papyrus of the Quantum Oath
 55460 | Elf:3    | Identified the +1 helmet of Shielding {rF+ rC+ Stlth+} (You
                  | found it on level 3 of the Elven Halls)
 55486 | Elf:3    | Identified the +4 scimitar "Wepluf" {freeze, rPois rF+ rC+}
                  | (You found it on level 3 of the Elven Halls)
 56455 | Zot:1    | Entered Level 1 of the Realm of Zot
 56526 | Zot:1    | Received a gift from Okawaru
 57112 | Zot:1    | Reached skill level 25 in Shields
 57338 | Zot:1    | Found the +12 glaive of Prune {vorpal}
 57383 | Zot:1    | Identified the +11 flail of Beogh's Delight {elec, Str+4
                  | Int+4 Dex-3}
 57383 | Zot:1    | Identified the +4 dragonskin cloak
 57383 | Zot:1    | Noticed Tiamat
 57429 | Zot:1    | Killed Tiamat
 57512 | Zot:1    | Received a gift from Okawaru
 57823 | Zot:1    | Identified the Reference Book on the Scorching Voyage
 58216 | Zot:1    | Upgraded the game from 0.26-a0-1053-gaff5f71418 to
                  | 0.26-a0-1060-g086102a3f0
 58414 | Zot:2    | Found a runed translucent door.
 58415 | Zot:2    | Noticed Ytolar's ghost (legendary DsFi)
 60391 | Zot:3    | Received a gift from Okawaru
 61277 | Zot:4    | Received a gift from Okawaru
 61373 | Zot:4    | Noticed an orb of fire
 61389 | Zot:4    | Killed an orb of fire
 61390 | Zot:4    | Reached skill level 26 in Shields
 61422 | Zot:4    | Received a gift from Okawaru
 61881 | Zot:5    | Entered Level 5 of the Realm of Zot
 62201 | Zot:5    | Noticed an orb of fire
 62231 | Zot:5    | Killed an orb of fire
 62322 | Zot:5    | Noticed an ancient lich
 62336 | Zot:5    | Killed an ancient lich
 62338 | Zot:5    | Noticed an orb of fire
 62353 | Zot:5    | Gained mutation: You occasionally shout uncontrollably at
                  | your foes. [an orb of fire]
 62356 | Zot:5    | Gained mutation: Your spells are a little easier to cast,
                  | but a little less powerful. [an orb of fire]
 62366 | Zot:5    | Killed an orb of fire
 62662 | Zot:5    | Noticed an orb of fire
 62666 | Zot:5    | Gained mutation: Your body sometimes deteriorates upon
                  | taking damage. [an orb of fire]
 62667 | Zot:5    | Gained mutation: You evolve. [an orb of fire]
 62680 | Zot:5    | Gained mutation: You tend to lose your temper in combat.
                  | [an orb of fire]
 62687 | Zot:5    | Killed an orb of fire
 62721 | Zot:4    | Lost mutation: You tend to lose your temper in combat.
                  | [potion of mutation]
 62721 | Zot:4    | Lost mutation: Your spells are a little easier to cast, but
                  | a little less powerful. [potion of mutation]
 62721 | Zot:4    | Gained mutation: You are agile. (Dex +2) [potion of
                  | mutation]
 62721 | Zot:4    | Gained mutation: You are partially covered in large bone
                  | plates. (SH +4) [potion of mutation]
 62722 | Zot:4    | Lost mutation: You are partially covered in large bone
                  | plates. (SH +4) [potion of mutation]
 62722 | Zot:4    | Lost mutation: You evolve. [potion of mutation]
 62722 | Zot:4    | Lost mutation: You are agile. (Dex +2) [potion of mutation]
 62722 | Zot:4    | Lost mutation: Your body sometimes deteriorates upon taking
                  | damage. [potion of mutation]
 62722 | Zot:4    | Gained mutation: Your body sometimes deteriorates upon
                  | taking damage. [potion of mutation]
 62722 | Zot:4    | Gained mutation: Scrolls take you a little longer to read.
                  | [potion of mutation]
 62722 | Zot:4    | Gained mutation: You are agile. (Dex +2) [potion of
                  | mutation]
 62723 | Zot:4    | Lost mutation: Scrolls take you a little longer to read.
                  | [potion of mutation]
 62723 | Zot:4    | Lost mutation: You are agile. (Dex +2) [potion of mutation]
 62723 | Zot:4    | Lost mutation: You occasionally shout uncontrollably at
                  | your foes. [potion of mutation]
 62723 | Zot:4    | Gained mutation: Your spells are a little harder to cast,
                  | but a little more powerful. [potion of mutation]
 62723 | Zot:4    | Gained mutation: Your magical capacity is low. (-10% MP)
                  | [potion of mutation]
 62723 | Zot:4    | Gained mutation: You expend magic power (3 MP) to
                  | strengthen your wands. [potion of mutation]
 62877 | Zot:5    | Noticed an orb of fire
 62894 | Zot:5    | Killed an orb of fire
 62929 | Zot:5    | Received a gift from Okawaru
 63096 | Zot:5    | Noticed an ancient lich
 63096 | Zot:5    | Noticed an ancient lich
 63105 | Zot:5    | Killed an ancient lich
 63112 | Zot:5    | Gained mutation: Scrolls take you a little longer to read.
                  | [an orb of fire]
 63113 | Zot:5    | Noticed an orb of fire
 63133 | Zot:5    | Killed an orb of fire
 63140 | Zot:5    | Killed an ancient lich
 63164 | Zot:5    | Received a gift from Okawaru
 63503 | Zot:5    | Noticed an orb of fire
 63526 | Zot:5    | Killed an orb of fire
 63560 | Zot:4    | Lost mutation: Your magical capacity is low. (-10% MP)
                  | [potion of mutation]
 63560 | Zot:4    | Lost mutation: Your spells are a little harder to cast, but
                  | a little more powerful. [potion of mutation]
 63560 | Zot:4    | Lost mutation: Scrolls take you a little longer to read.
                  | [potion of mutation]
 63560 | Zot:4    | Gained mutation: You have a pair of small antennae on your
                  | head. [potion of mutation]
 63560 | Zot:4    | Gained mutation: You are partially covered in yellow
                  | scales. (AC +2) [potion of mutation]
 63928 | Zot:5    | Received a gift from Okawaru
 64027 | Zot:5    | Gained mutation: You tend to lose your temper in combat.
                  | [mutagenic glow]
 64034 | Zot:5    | Gained mutation: Scrolls take you a little longer to read.
                  | [mutagenic glow]
 64107 | Zot:4    | Lost mutation: Your body sometimes deteriorates upon taking
                  | damage. [potion of mutation]
 64107 | Zot:4    | Lost mutation: Scrolls take you a little longer to read.
                  | [potion of mutation]
 64107 | Zot:4    | Gained mutation: Your spells are a little harder to cast,
                  | but a little more powerful. [potion of mutation]
 64107 | Zot:4    | Gained mutation: Your flesh is cold resistant. (rC+)
                  | [potion of mutation]
 64108 | Zot:4    | Lost mutation: You have a pair of small antennae on your
                  | head. [potion of mutation]
 64108 | Zot:4    | Lost mutation: You tend to lose your temper in combat.
                  | [potion of mutation]
 64108 | Zot:4    | Gained mutation: You are partially covered in rugged brown
                  | scales. (AC +1, +3% HP) [potion of mutation]
 64108 | Zot:4    | Gained mutation: Your magical capacity is low. (-10% MP)
                  | [potion of mutation]
 64108 | Zot:4    | Gained mutation: Your magical capacity is very low. (-20%
                  | MP) [potion of mutation]
 64108 | Zot:4    | Gained mutation: You have a pair of small antennae on your
                  | head. [potion of mutation]
 65075 | Crypt:1  | Killed Kucw's ghost
 65112 | Crypt:1  | Identified the cursed +0 helmet "Noruev" {rN+ Will+} (You
                  | found it on level 1 of the Crypt)
 65193 | Tomb:1   | Entered Level 1 of the Tomb of the Ancients
 65723 | Tomb:1   | Received a gift from Okawaru
 65741 | Tomb:1   | Identified the +1 scimitar of a sewer {vamp, rElec rC+
                  | rN+++ Will+} (Okawaru gifted it to you on level 1 of the
                  | Tomb of the Ancients)
 65895 | Tomb:1   | Acquired 1051 gold pieces
 66159 | Tomb:1   | Noticed a royal mummy
 66178 | Tomb:1   | Killed a royal mummy
 66196 | Tomb:1   | Noticed a royal mummy
 66196 | Tomb:1   | Noticed a royal mummy
 66215 | Tomb:1   | Killed a royal mummy
 66216 | Tomb:1   | Reached skill level 27 in Shields
 66223 | Tomb:1   | Killed a royal mummy
 67059 | Pan      | Entered Pandemonium
 67138 | Pan      | Received a gift from Okawaru
 67650 | Pan      | Noticed Ruary the pandemonium lord
 67662 | Pan      | Killed Ruary the pandemonium lord
 67697 | Pan      | HP: 9/194 [Brimstone Fiend/damnation (35)]
 67708 | Pan      | Killed from afar by a Brimstone Fiend

Illustrated notes

Levels and vault maps discovered:
D:1:      giann_horns, layout_rooms, serial_co_window_serial,
          co_window_of_opportunity_a, co_window_of_opportunity_a,
          co_window_of_opportunity_a, co_window_corner_a, co_window_paths_b,
          co_window_paths_a, co_window_of_opportunity_c, co_window_paths_c,
          co_window_unsneaky_path_d, co_window_cross_4,
          co_window_unsneaky_path_c, co_window_4corner_a, glass_columns_a,
          minmay_nonomino_d4
D:2:      layout_rooms, grunt_temple_overflow_open, uniq_crazy_yiuf_cottage
D:3:      layout_basic, minmay_overflow_temple_star_quad
D:4:      layout_basic, serial_forest, infiniplex_forest_clump_double,
          infiniplex_forest_end_2, infiniplex_forest_clump_large,
          infiniplex_forest_straight_2, infiniplex_forest_clump_diagonal,
          infiniplex_forest_lined_2, infiniplex_forest_corner_1, serial_shops,
          shop, nicolae_shop_trees, nicolae_shop_stone, minmay_unequal
D:5:      layout_rooms, minmay_temple_entry_statues_fountains,
          minmay_misc_feat_tiny, tso_altar
D:6:      layout_basic, minmay_statues_item
D:7:      layout_cave_pools, serial_undead, serial_undead_b, serial_undead_c,
          serial_undead_f, serial_undead_b, serial_undead_e, serial_undead_d
D:8:      layout_cave_pools, minmay_lair_entry_grove, serial_shops,
          kennysheep_little_box, uniq_erica, uniq_pikel
D:9:      layout_rooms, vehumet_statue, cheibriados_altar_1, uniq_gastronok
D:10:     layout_loops_cross, minmay_guarded_unrand_vampires_tooth
D:11:     layout_rooms, uniq_nergalle
D:12:     layout_irregular_city, orc_0_dummy, minivault_20
D:13:     layout_basic, uniq_jorgrun, uniq_frances
D:14:     minmay_twisted_water, layout_cave_pools, david_vaults_3, serial_shops,
          shop, minmay_misc_feat_ornament, st_stairs_12,
          small_statue_intersection
D:15:     hangedman_depths_entry_civil_slaughter, layout_rooms,
          skrybe_limestone_x, uniq_agnes
Lair:1:   layout_regular_city, minivault_25, grunt_megastairs_3
Lair:2:   layout_chaotic_city, nicolae_swamp_entry_splash_gauntlet,
          maelrawn_ghost_gauntlet_escape
Lair:3:   layout_cave_pods, gammafunk_ghost_split, infiniplex_staircase_pool_2,
          serial_bayou_shore_b, serial_bayou_shore_b
Lair:4:   layout_cave_pods, guppyfry_snake_entry_island,
          nicolae_quartered_pool_super, grunt_megastairs_5, lemuel_fruit_tree
Lair:5:   gammafunk_lair_enchanted_lake, layout_regular_city
Lair:6:   hangedman_lair_in_review, layout_cave_pods,
          minmay_slime_entry_pillars, chequers_serial_rivers_micro_a,
          uniq_nessos
Swamp:1:  layout_falls_marsh, nicolae_swamp_rocky_clearing, swamp_pool4,
          infiniplex_staircase_pool
Swamp:2:  layout_falls_marsh, hangedman_swamp_lotus
Swamp:3:  layout_basic_swamp, gammafunk_ghost_necromancy,
          nicolae_swamp_little_tower
Swamp:4:  swamp_icy, layout_basic_swamp
Snake:1:  layout_rooms, serial_bayou_lagoon_a
Snake:2:  layout_layer_cave, serial_shops, shop, hangedman_snake_sidewinding
Snake:3:  layout_gridlike, st_stairs_2
Snake:4:  snake_pit, layout_misc_corridors, uniq_aizul, uniq_bai_suzhen,
          uniq_louise, uniq_vashnia
Orc:1:    cheibrodos_orc_bank, layout_diamond_mine,
          portal_ice_cave_entry_pillars_2, basic_altar, uniq_sonja, uniq_urug,
          uniq_maurice
Orc:2:    st_orc_congregation, layout_diamond_mine
Elf:1:    layout_geoelf_diagonals, minmay_elf_necromancy, minmay_shoptagon,
          uniq_donald
Elf:2:    layout_loops_corners
Elf:3:    minmay_elf_hall_statues, layout_gridlike, lemuel_flamethrower_1
Vaults:1: ontoclasm_vaults_idyll, kb_rosetta, nicolae_vaults_little_squares_5,
          v_misc_19, vaults_room_stairs_pillars, nicolae_vaults_border_crossing,
          vaults_room_door_hall, v_misc_28, layout_vaults_big_room
Vaults:2: nicolae_vaults_asterisk, hangedman_vaults_hat,
          hangedman_vaults_restitches, nicolae_vaults_circle_grid_a,
          nicolae_vaults_circle_grid_b, nicolae_vaults_three_branches,
          vaults_dpeg_doors, vaults_room_door_hall, vaults_room_guarded_vault,
          v_misc_10, nicolae_vaults_little_ls, nicolae_vaults_network_s,
          layout_vaults_omnibox
Vaults:3: grunt_vaults_focal, vaults_dpeg_cross, hangedman_vaults_stitches,
          nicolae_vaults_network_star, v_rooms_5, ontoclasm_vaults_eye,
          layout_vaults_omnigrid, minmay_crypt_entry_simple_statues,
          serial_shops, shop
Vaults:4: gammafunk_vaults_ghost_spectres, st_greater_box_4,
          vaults_room_stairs_pillars, hangedman_vaults_maws,
          nicolae_vaults_specimen_jars, v_misc_18,
          nicolae_vaults_ring_of_whatevers, hangedman_vaults_stretched_pinwheel,
          v_pattern_5, layout_vaults_omnicross, serial_shops,
          nicolae_shop_waterfront
Vaults:5: uniq_margery
Crypt:1:  layout_gridlike, gammafunk_ghost_split, glass_columns_c, hex_large,
          grunt_crypt_arrival_webbed, uniq_khufu
Crypt:2:  layout_gridlike
Crypt:3:  lightli_unholy_cathedral, layout_chaotic_city,
          nicolae_tomb_entry_rubble_hallway, grunt_megastairs_2
Tomb:1
Depths:1: layout_roguey, enter_ziggurat_d, hangedman_decor_diamond_cutter,
          hell_entry, minmay_checkered_concentric_circles, minmay_shop_star,
          serial_bayou_shore_b
Depths:2: nooodl_glass_maze, layout_gridlike, hangedman_decor_riveting,
          pf_vacation_house_of_asmodeus, minmay_misc_feat_encased, tgw_xom
Depths:3: minmay_mutant_horseshoe, layout_cave_pools, minmay_room_of_horrors,
          hell_entry, ashenzari_altar_1, serial_shops, nicolae_shop_crystal,
          grunt_pan_entry_in_and_out, infiniplex_staircase_zigzag_1,
          minmay_shop_grove, uniq_enchantress
Depths:4: minmay_skeleton_keep, layout_cave_pools,
          abyss_entry_small_statue_room, hell_entry, grunt_pan_entry_spiral,
          grunt_decor_junction, minmay_shop_mayhem, minmay_staircase_bubble
Depths:5: lemuel_castle_with_subvaults [lemuel_castle_interior_carwin_3],
          layout_cave_pools, pan_entry, chequers_jeans, grunt_mini_vestibule
Zot:1:    kennysheep_blocky_hall, layout_misc_corridors, drop_trap,
          st_grand_hoard_of_tiamat
Zot:2:    layout_basic, gammafunk_ghost_grave
Zot:3:    layout_concentric_octagons
Zot:4:    grunt_zot_stairs_mandelzot, layout_misc_corridors
Zot:5:    layout_gridlike
Pan:      grunt_pan_sceptre, layout_grid_shapes

Skill      XL: |  1  2  3  4  5  6  7  8  9 10 11 12 13 14 15 16 17 18 19 20 21 22 23 24 25 26 27 |
---------------+----------------------------------------------------------------------------------+-----
Long Blades    | 2 3 4 5 6 7 8 9 10 11 12 13 14 15 16 17 18 22 | 22.7
Armour         | 4 5 6 8 9 10 11 12 13 14 15 16 17 18 19 20 21 26 | 26.0
Shields        | 4 5 7 8 9 10 11 12 13 14 15 16 17 18 19 20 21 27 | 27.0
Fighting       | 4 5 6 7 8 9 10 11 12 13 14 16 17 18 19 20 23 | 23.8
Invocations    | 1 2 3 4 5 6 7 8 9 10 11 12 13 14 15 19 | 19.6
Evocations     | 1 2 3 4 5 6 7 8 9 10 11 12 13 14 15 18 | 18.4

Action                   |  1- 3 |  4- 6 |  7- 9 | 10-12 | 13-15 | 16-18 | 19-21 | 22-24 | 25-27 || total
-------------------------+-------+-------+-------+-------+-------+-------+-------+-------+-------++-------
Melee: Long sword        |   133 |   116 |   456 |   276 |       |       |       |       |       ||   981
       Scimitar          |       |       |       |   311 |    15 |     5 |    18 |       |       ||   349
       Demon blade       |       |       |       |   118 |   826 |       |       |       |       ||   944
       Double sword      |       |       |       |       |   974 |  1966 |  2166 |  1256 |  5290 || 11652
Invok: Heroism           |       |       |    11 |    24 |    22 |    27 |    24 |     6 |    83 ||   197
       Finesse           |       |       |       |       |     4 |     6 |     2 |     5 |    22 ||    39
 Abil: Fly               |       |       |       |       |     1 |       |     1 |     2 |     2 ||     6
       Stop Flying       |       |       |       |       |       |       |     1 |     3 |     2 ||     6
Evoke: Condenser vane    |       |       |       |       |       |     2 |     1 |     1 |     1 ||     5
       Wand              |       |       |       |       |       |       |     1 |       |       ||     1
  Use: Scroll            |     6 |     4 |     6 |    14 |     7 |    13 |     6 |     4 |    35 ||    95
       Potion            |       |       |     4 |       |     2 |     3 |     1 |     3 |    21 ||    34
 Stab: Petrified         |       |       |       |       |     5 |       |       |       |     2 ||     7
       Petrifying        |       |       |       |       |       |       |       |       |     1 ||     1
Armor: Scale mail        |    59 |    71 |    39 |       |       |       |       |       |       ||   169
       Chain mail        |       |       |   239 |   172 |       |       |       |       |       ||   411
       Plate armour      |       |       |       |   161 |   771 |   526 |       |       |       ||  1458
       Gold dragon scale |       |       |       |       |       |   344 |  1053 |   519 |  2626 ||  4542
Dodge: Dodged            |    45 |    55 |   159 |   171 |   289 |   272 |   236 |   141 |   817 ||  2185
Block: Kite shield       |    68 |    74 |   362 |   495 |   710 |       |       |       |       ||  1709
       Tower shield      |       |       |       |       |   819 |  2157 |  2258 |  1203 |  6127 || 12564
       Reflection        |       |       |       |       |       |       |       |       |   141 ||   141
       Rpst.: Long sword |    13 |    19 |    42 |    23 |       |       |       |       |       ||    97
       Scimitar          |       |       |       |    21 |       |       |       |       |       ||    21
       Demon blade       |       |       |       |     7 |    38 |       |       |       |       ||    45
       Double sword      |       |       |       |       |    35 |    46 |    44 |    22 |   119 ||   266

Table legend: (Time is in decaauts)
 A = Elapsed time spent in this place.
 B = Non-inter-level travel time spent in this place.
 C = Inter-level travel time spent in this place.
 D = Time resting spent in this place.
 E = Time spent auto-exploring this place.
 F = Levels seen in this place.
 G = Mean time per level.
                   A        B        C        D        E       F      G
               +--------+--------+--------+--------+--------+-----+--------+
         Total |  64290 |  57869 |   6421 |   3049 |  33632 |  55 | 1168.9 |
       Dungeon |  14217 |  12819 |   1398 |    789 |   7806 |  15 |  947.8 |
          Lair |   7332 |   6152 |   1180 |     38 |   4539 |   6 | 1222.0 |
         Swamp |   2698 |   2481 |    217 |      0 |   1660 |   4 |  674.5 |
     Snake Pit |   5318 |   4942 |    376 |    191 |   2996 |   4 | 1329.5 |
  Orcish Mines |   1635 |   1421 |    214 |      0 |    846 |   2 |  817.5 |
   Elven Halls |   3286 |   3114 |    172 |      0 |   1985 |   3 | 1095.3 |
        Vaults |   8810 |   7722 |   1088 |    545 |   4282 |   5 | 1762.0 |
         Crypt |   3176 |   2821 |    355 |    119 |   1718 |   3 | 1058.7 |
          Tomb |   1492 |   1303 |    189 |    201 |    254 |   1 | 1492.0 |
        Depths |   7728 |   7006 |    722 |    668 |   3607 |   5 | 1545.6 |
           Zot |   7203 |   6696 |    507 |    400 |   3379 |   5 | 1440.6 |
   Pandemonium |    580 |    580 |      0 |     98 |    173 |   1 |  580.0 |
      Ice Cave |    810 |    810 |      0 |      0 |    387 |   1 |  810.0 |
               +--------+--------+--------+--------+--------+-----+--------+

Top non-repeatable levels by time:
Vaults:4: 2826 daAuts
Depths:4: 2003 daAuts
 Snake:2: 1947 daAuts
   Zot:5: 1868 daAuts
Vaults:3: 1848 daAuts
Depths:5: 1595 daAuts
   Zot:3: 1557 daAuts
Depths:2: 1552 daAuts
Vaults:2: 1539 daAuts
  Tomb:1: 1492 daAuts
  Lair:3: 1490 daAuts
Vaults:1: 1445 daAuts
 Snake:4: 1416 daAuts
   Zot:1: 1412 daAuts
Depths:1: 1378 daAuts
